 Dungeon Crawl Stone Soup version 0.23.1-37-gaa34b87 (webtiles) character file.

Game seed: 5743727934451601797

26 kae the Charmwright (level 2, 0/23 HPs)
             Began as a Demonspawn Skald on Mar 23, 2019.
             Slain by a worm (10 damage)
             ... on level 2 of the Dungeon.
             The game lasted 00:01:29 (1363 turns).

kae the Charmwright (Demonspawn Skald)              Turns: 1363, Time: 00:01:30

Health: 0/23       AC:  5    Str: 11    XL:     2   Next: 89%
Magic:  1/5        EV: 11    Int: 14    God:
Gold:   100        SH:  0    Dex: 12    Spells: 4/5 levels left

rFire    . . .     SeeInvis .     - Unarmed
rCold    . . .     Gourm    .   (no shield)
rNeg     . . .     Faith    .   a - +0 leather armour
rPois    .         Spirit   .   (no helmet)
rElec    .         Reflect  .   (no cloak)
rCorr    .         Harm     .   (no gloves)
MR       .....                  (no boots)
Stlth    +.........             (no amulet)
HPRegen  0.07/turn              (no ring)
MPRegen  0.09/turn              (no ring)

@: infused
A: thin metallic scales 1
a: no special abilities


You were on level 2 of the Dungeon.
You were not hungry.

You visited 1 branch of the dungeon, and saw 2 of its levels.

You collected 100 gold pieces.

Inventory:

Hand Weapons
 f - a +0 hunting sling
Armour
 a - a +0 leather armour (worn)
Scrolls
 d - 2 scrolls of magic mapping {unknown}
 g - 2 scrolls of identify {unknown}
 i - a scroll of noise {unknown}
 k - a scroll of blinking {unknown}
Potions
 b - 2 potions of curing {unknown}
 e - a potion of brilliance {unknown}
 j - a potion of heal wounds {unknown}
 l - a potion of cancellation {unknown}
Comestibles
 c - 3 rations
 h - 4 chunks of flesh


   Skills:
 + Level 2.4 Fighting
 - Level 0.8 Armour
 - Level 1.7 Dodging
 * Level 2.5 Unarmed Combat
 - Level 2.0 Spellcasting
 + Level 3.0 Charms


You had 4 spell levels left.
You knew the following spells:

 Your Spells              Type           Power        Failure   Level  Hunger
a - Infusion              Chrm           #...         9%          1    ##.....

Your spell library contained the following spells:

 Spells                   Type           Power        Failure   Level  Hunger
 Song of Slaying          Chrm           #.......     14%         2    ###....
 Shroud of Golubria       Chrm/Tloc      #.........   26%         2    ###....
 Regeneration             Chrm/Necr      #.........   45%         3    ####...
 Spectral Weapon          Hex/Chrm       #.......     45%         3    ####...


Dungeon Overview and Level Annotations

Branches:
Dungeon (2/15)

Altars:


Innate Abilities, Weirdness & Mutations

You are partially covered in thin metallic scales. (AC +2)


Message History

You barely miss the worm.
The worm is severely wounded.
The worm bites you.
You barely miss the worm.
The worm is severely wounded.
The worm bites you.
You are too injured to fight recklessly!
You are too injured to fight recklessly!
You are too injured to fight recklessly!
You are too injured to fight recklessly!
You are too injured to fight recklessly!
You are too injured to fight recklessly!
You are too injured to fight recklessly!
You are too injured to fight recklessly!
You hit the worm.
The worm is severely wounded.
You barely miss the worm.
The worm is severely wounded.
The worm bites you!
You die...

#................####
#......###..........#
...###.###.###.#.##.####
##.# #.....# #.#.##....#
#.# ####### #.#.#####.#
#.# #.#.# #.# ..# #.#.##
#.# .. #.#w.## #.#
#.#@..###.# #......##.#
#......!#.#
#......##.###
#.#...###...# #.##.##
###.# #.##.### #.#
#......# #.#
#......####.#


You could see a worm.

Vanquished Creatures
  6 bats
  4 giant cockroaches
  2 goblins
  4 hobgoblins
  A ball python (D:1)
  4 frilled lizards
  A kobold (D:1)
  2 rats
24 creatures vanquished.

Notes
Turn   | Place    | Note
-------+----------+-------------------------------------------
     0 | D:1      | kae the Demonspawn Skald began the quest for the Orb.
     0 | D:1      | Reached XP level 1. HP: 16/16 MP: 3/3
   243 | D:1      | Gained mutation: You are partially covered in thin metallic
                  | scales. (AC +2) [demonic ancestry]
   243 | D:1      | Reached XP level 2. HP: 18/22 MP: 0/5
  1271 | D:2      | Reached skill level 3 in Charms
  1363 | D:2      | Slain by a worm

Skill      XL: |  1  2 |
---------------+-------+-----
Unarmed Combat | 2 |  2.5
Charms         | 3 |  3.0
Fighting       | |  2.4
Armour         | |  0.8
Dodging        | |  1.7
Spellcasting   | |  2.0

Action                   || total
-------------------------++-------
Melee: Unarmed           ||   115
 Cast: Infusion          ||     6
 Stab: Sleeping          ||     1
  Eat: Chunk             ||     2
Armor: Leather armour    ||    43
Dodge: Dodged            ||    65
